 Dungeon Crawl Stone Soup version 0.28.0-43-g3370ac3207 (webtiles) character file.

Game seed: 5730929387117591499

116 zeref the Covered (level 4, -1/38 HPs)
             Began as a Demigod Fighter on Mar 24, 2022.
             Slain by Grinder (5 damage)
             ... while paralysed by Grinder
             ... on level 4 of the Dungeon.
             The game lasted 00:28:43 (2902 turns).

zeref the Covered (Demigod Fighter)                 Turns: 2902, Time: 00:28:43

Health: -1/38      AC:  9    Str: 26    XL:     4   Next: 43%
Magic:  6/6        EV:  2    Int: 10    God:
Gold:   113        SH:  0    Dex: 13    Spells: 3/3 levels left

rFire   + . .      SeeInvis .   y - +10 dagger "Waafenay" {vorpal, rF+ Str+5}
rCold   . . .      Faith    .   w - orb {*Rage}
rNeg    . . .      Spirit   .   t - +0 chain mail
rPois   .          Reflect  .   (no helmet)
rElec   .          Harm     .   (no cloak)
rCorr   .          Rampage  .   (no gloves)
Will    .....      Rage     20% (no boots)
Stlth   ..........              (no amulet)
HPRegen 0.12/turn               (no ring)
MPRegen 0.10/turn               (no ring)

@: paralysed
A: high MP 1, forlorn, divine attributes
a: no special abilities


You were on level 4 of the Dungeon.
You visited 1 branch of the dungeon, and saw 4 of its levels.

You collected 113 gold pieces.

Inventory:

Hand Weapons
 a - a +0 trident
 e - a +0 dagger
 h - a +0 rapier
 o - a +0 club
 p - a +0 whip
 r - a +0 spear
 u - a +2 dagger of venom
 x - a +2 dagger of venom
 y - the +10 dagger "Waafenay" (weapon) {vorpal, rF+ Str+5}
   (You found it on level 2 of the Dungeon)

   It inflicts extra damage upon your enemies.
   Str:       It affects your strength (+5).
   rF:        It protects you from fire.
Missiles
 i - 23 arrows
 j - 2 boomerangs (quivered)
 s - 26 bolts
 v - 100 stones
 E - 36 sling bullets
Armour
 c - a +0 buckler
 t - a +0 chain mail (worn)
 w - an orb of wrath (worn)
Magical Staves
 A - a staff of air
Wands
 k - a wand of digging (6)
Scrolls
 f - a scroll of noise {unknown}
 g - a scroll of silence {unknown}
 m - 2 scrolls of identify {unknown}
Potions
 b - 2 potions of haste {unknown}
 d - a potion of might
 l - a potion of brilliance {unknown}
 n - a potion of heal wounds {unknown}
 q - a potion of cancellation {unknown}
 z - a potion of lignification {unknown}
 B - 2 potions of curing
 D - a potion of resistance {unknown}


   Skills:
 + Level 3.0 Fighting
 + Level 2.8 Polearms
 + Level 3.6 Armour
 + Level 0.6 Dodging
 + Level 0.1 Stealth
 + Level 3.2 Shields


You had 3 spell levels left.
You didn't know any spells.
Your spell library contained the following spells:

 Spells                   Type           Power      Damage    Failure   Level
 Pain                     Necr           0%         1d4       94%         1
 Agony                    Necr           0%         N/A       100%        5
 Excruciating Wounds      Necr           0%         N/A       100%        5


Dungeon Overview and Level Annotations

Branches:
Dungeon (4/15)
 Temple: D:4-7

Shops:
D:2 [

Annotations:
D:4 Grinder


Innate Abilities, Weirdness & Mutations

You have an increased reservoir of magic. (+10% MP)
You shall have no god before yourself.
Your divine heritage dramatically boosts your attributes as you level up.


Message History

The quokka bites you but does no damage.
Grinder hits you.
You writhe in agony.
The quokka bites you. Grinder hits you! The adder bites you.
The quokka barely misses you. The adder bites you but does no damage.
Grinder gestures at you. Pain shoots through your body!
The quokka bites you but does no damage.
The adder bites you.
You are poisoned.
The adder poisons you! Grinder barely misses you.
You feel sick. The quokka barely misses you.
The adder bites you but does no damage.
The quokka bites you but does no damage.
Grinder blinks!
You can move again.
You hit the adder.
The adder is heavily wounded.
You feel sick. The adder bites you but does no damage.
The quokka closely misses you. The adder bites you but does no damage.
You hit the quokka.
You kill the quokka!
You feel sick. The adder bites you.
You feel sick. The adder barely misses you.
You see here a quokka corpse.
You feel sick.
You are no longer poisoned.
The adder closely misses you. Grinder gestures at you.
You suddenly lose the ability to move!
The adder bites you but does no damage. x2
The adder completely misses you. Grinder gestures at you.
You barely resist. The adder bites you.
* * * LOW HITPOINT WARNING * * *
Grinder gestures at you.
You barely resist. The adder barely misses you. Grinder hits you.
* * * LOW HITPOINT WARNING * * *
You writhe in agony.
You die...

...##.###..#
#...#......#
##..........###.
.##...$..........
...............#
..............##
...............###
........5@<......#
........†S...#....
..##........# .
#..##......... #..
...####... ##
#...# .... ##..#
... #... .? #....


You could see Grinder and an adder.

Vanquished Creatures
  4 gnolls
  2 adders (D:2)
  2 worms (D:2)
  2 dart slugs
  An orc (D:3)
  4 ball pythons
  2 bats (D:1)
  5 endoplasms
  A giant cockroach (D:2)
  6 hobgoblins
  6 quokkas
  4 frilled lizards
  4 goblins
  5 kobolds
  2 rats (D:2)
50 creatures vanquished.

Vanquished Creatures (others)
  A plant (D:2)
  7 withered plants (D:2)
8 creatures vanquished.

Grand Total: 58 creatures vanquished

Notes
Turn   | Place    | Note
-------+----------+-------------------------------------------
     0 | D:1      | zeref the Demigod Fighter began the quest for the Orb.
     0 | D:1      | Reached XP level 1. HP: 18/18 MP: 3/3
   255 | D:1      | Reached XP level 2. HP: 17/25 MP: 4/4
   839 | D:2      | HP: 1/25 [gnoll/+0 club (6)]
   883 | D:1      | Reached XP level 3. HP: 5/30 MP: 5/5
  1602 | D:2      | Reached XP level 4. HP: 26/38 MP: 6/6
  1846 | D:2      | Identified the +10 dagger "Waafenay" {vorpal, rF+ Str+5}
  1852 | D:2      | Found Oshrufas's Armour Boutique.
  2884 | D:4      | Noticed Grinder
  2888 | D:4      | Paralysed by Grinder for 6 turns
  2897 | D:4      | Paralysed by Grinder for 7 turns
  2902 | D:4      | Slain by Grinder

Illustrated notes

Levels and vault maps discovered:
D:1:      saegor_arrival_simple_e, layout_rooms
D:2:      layout_basic, shapermc_ecumenical_altar_flowoftime, serial_shops, shop
D:3:      layout_basic, marbit_many_paths, nicolae_tso_swordbearing_angel,
          eat_drink_and_be_merry_uskayaw, serial_park_tiny_pond,
          hangedman_decor_points, minmay_misc_feat_rugged
D:4:      layout_cave_pools, lemuel_tele_altar, nicolae_dithmenos_the_darkroom,
          nicolae_gozag_zags_fifth_avenue, lexackson_kobold_supper, uniq_grinder

Skill      XL: |  1  2  3 |
---------------+----------+-----
Polearms       | 2 |  2.8
Armour         | 3 |  3.6
Shields        | 3 |  3.2
Fighting       | 3 |  3.0
Dodging        | |  0.6
Stealth        | |  0.1

Action                   |  1- 3 |  4- 6 || total
-------------------------+-------+-------++-------
Melee: Trident           |    97 |       ||    97
       Dagger            |       |    59 ||    59
Armor: Scale mail        |    45 |     4 ||    49
       Chain mail        |       |    16 ||    16
Dodge: Dodged            |    51 |    31 ||    82
Block: Buckler           |    31 |     1 ||    32
